 Dungeon Crawl Stone Soup version 0.29.1-12-g30fa7ad0bf (webtiles) character file.

Game seed: 15752214905495448073

17449 DemonSlayer the Thaumaturge (level 12, -12/81 (83) HPs)
             Began as a Demonspawn Earth Elementalist on Jan 7, 2023.
             Was a Plaything of Xom.
             Shot with an arrow by Nessos (15 damage)
             ... on level 3 of the Lair of Beasts.
             The game lasted 00:34:39 (15772 turns).

DemonSlayer the Thaumaturge (DsEE)                 Turns: 15772, Time: 00:34:41

HP:   -12/81 (83)   AC:  7    Str:  7    XL:     12   Next: 19%
MP:   20/26         EV: 19    Int: 25    God:    Xom [.....*]
Gold: 1542          SH:  0    Dex: 20    Spells: 8/32 levels left

rFire   x . .      SeeInvis .   u - +6 hammer "Aczajoku" {speed, rElec rC- Int+3 Dex+3}
rCold   + . .      Faith    .   s - orb {*Rage}
rNeg    . . .      Spirit   .   F - +0 steam dragon scales
rPois   .          Reflect  .   (no helmet)
rElec   +          Harm     .   z - +0 cloak {Will+}
rCorr   .          Rampage  .   (no gloves)
Will    +....      Rage     20% (no boots)
Stlth   +++....... Rnd*Tele +   f - amulet of magic regeneration
HPRegen 0.23/turn               m - ring of ice
MPRegen 0.60/turn               B - +4 ring of evasion

@: lethally poisoned (-12 -> -25), lightly drained
A: molten scales 2, demonic guardian 3, condensation shield, demonic touch 2,
hooves 1, agile 1, cold resistance 1, deformed body, mutation resistance 1,
teleportitis 1
a: Renounce Religion


You were on level 3 of the Lair of Beasts.
You worshipped Xom.
You were Xom's teddy bear.
You visited 3 branches of the dungeon, and saw 13 of its levels.

You collected 1542 gold pieces.

Inventory:

Hand Weapons
 u - the +6 hammer "Aczajoku" (weapon) {speed, rElec rC- Int+3 Dex+3}
   (You found it on level 5 of the Dungeon)

   Attacks with this weapon are significantly faster.
   Int:       It affects your intelligence (+3).
   Dex:       It affects your dexterity (+3).
   rC:        It makes you vulnerable to cold.
   rElec:     It insulates you from electricity.
Armour
 s - an orb of wrath (worn)
 z - a +0 cloak of willpower (worn)
 F - +0 steam dragon scales (worn)
Jewellery
 f - an amulet of magic regeneration (around neck)
 i - a +4 ring of protection
 m - a ring of ice (left hand)
 y - a ring of see invisible
 B - a +4 ring of evasion (right hand)
Wands
 x - a wand of light (13)
 A - a wand of iceblast (14)
 D - a wand of charming (5)
Scrolls
 c - 4 scrolls of teleportation
 d - 2 scrolls of magic mapping
 k - 2 scrolls of poison
 l - a scroll of immolation
 r - 2 scrolls of fog
Potions
 a - 2 potions of ambrosia
 b - 4 potions of curing
 e - a potion of haste {unknown}
 g - 3 potions of attraction
 h - 5 potions of mutation
 n - a potion of heal wounds
 o - a potion of resistance
 q - 3 potions of lignification
 t - 2 potions of degeneration {unknown}
 v - a potion of brilliance
 w - 2 potions of cancellation
 C - 2 potions of flight
Miscellaneous
 j - a lightning rod (4/4)


   Skills:
 + Level 3.9 Fighting
 + Level 0.3 Short Blades
 + Level 4.9 Maces & Flails
 + Level 3.2 Ranged Weapons
 + Level 3.7 Armour
 + Level 5.3 Dodging
 + Level 3.6 Stealth
 + Level 2.0 Shields
 + Level 10.8 Spellcasting
 + Level 4.3 Conjurations
 + Level 0.8 Transmutations
 + Level 10.5 Earth Magic
 + Level 2.2 Evocations


You had 8 spell levels left.
You knew the following spells:

 Your Spells              Type           Power      Damage    Failure   Level
a - Sandblast             Erth           100%       2d20      1%          1
b - Stone Arrow           Conj/Erth      100%       3d13      1%          3
c - Blink                 Tloc           26%        N/A       7%          2
d - Fulminant Prism       Conj/Hex       12%        3d9       19%         4
e - Hailstorm             Conj/Ice       36%        3d9       19%         4
f - Petrify               Tmut/Erth      42%        N/A       4%          4
g - Tukima's Dance        Hex            13%        N/A       14%         3
h - Swiftness             Air            13%        N/A       14%         3

Your spell library contained the following spells:

 Spells                   Type           Power      Damage    Failure   Level
 Magic Dart               Conj           100%       1d8       1%          1
 Shock                    Conj/Air       96%        1d9       1%          1
 Passwall                 Tmut/Erth      35%        N/A       1%          2
 Searing Ray              Conj           70%        2d7       1%          2
 Freeze                   Ice            80%        1d9       4%          1
 Frozen Ramparts          Ice            40%        1d7       14%         3
 Portal Projectile        Hex/Tloc       26%        N/A       14%         3
 Airstrike                Air            6%         2d(1-17)  41%         4
 Blade Hands              Tmut           8%         N/A       65%         5
 Manifold Assault         Tloc           13%        N/A       77%         5
 Storm Form               Tmut/Air       7%         N/A       100%        7


Dungeon Overview and Level Annotations

Branches:
Dungeon (9/15)             Temple (1/1) D:4            Lair (3/5) D:9
    Orc (0/2) D:9
  Swamp: Lair:2-3    Shoals: Lair:2-3     Snake: Lair:2-3    Spider: Lair:2-3

Altars:
Ashenzari
Cheibriados
Dithmenos
Gozag
Hepliaklqana
Kikubaaqudgha
Makhleb
Nemelex Xobeh
Okawaru
Qazlal
Ru
Sif Muna
Trog
Uskayaw
Vehumet
Wu Jian
Xom
Yredelemnul

Annotations:
D:8 3 runed translucent doors, Rilik's ghost, journeyman MiFi
Lair:3 Nessos


Innate Abilities, Weirdness & Mutations

You are mostly covered in molten scales. (AC +3)
A powerful demonic guardian rushes to your aid.
A meltable shield of frost defends you. (SH +0)
Your touch may inflict irresistible damage on your foes.
You have large cloven feet.
You are agile. (Dex +4, Str/Int -1)
Your flesh is cold resistant. (rC+)
Armour fits poorly on your strangely shaped body.
You are somewhat resistant to further mutation.
You are occasionally teleported next to monsters.


Message History

A cane toad comes into view.
A cane toad is nearby!
A cane toad is nearby!
A cane toad is nearby!
A cane toad is nearby!
The cane toad gives a loud, deep croak!
You can't see any susceptible monsters within range! (Use Z to cast anyway.)
The stone arrow hits the cane toad!
The cane toad is moderately wounded.
Nessos the Markscentaur comes into view.
The stone arrow hits the cane toad!
The cane toad is heavily wounded.
Nessos shouts!
You hear a bleat! x2
The cane toad stings you!
A dream sheep comes into view.
The stone arrow hits the cane toad!!
You kill the cane toad!
Nessos wields a +2 longbow of flaming.
It bursts into flame!
Nessos shoots an arrow.
The arrow hits you!!
A demonic guardian appears!
Your condensation shield dissipates!
The arrow burns you!
You are poisoned.
You hear a bleat! x2
Unknown command.
You feel better.
Nessos shoots an arrow.
The arrow hits you! The arrow burns you.
You are poisoned.
Nessos mumbles some strange words.
Nessos seems to speed up.
A dream sheep comes into view.
You hear a bleat! x2
A dream sheep comes into view.
You feel very sick.
Nessos shoots an arrow.
The arrow hits you!!
* * * LOW HITPOINT WARNING * * *
The arrow burns you.
* * * LOW HITPOINT WARNING * * *
Nessos shoots an arrow.
The arrow hits you!
You die...
Xom chuckles heartily!

.. #Y .. . ... #Y .. .#
.#.# #. .# #.# .......
....# .#.#.#c .#.#
....... ... .
.#.#.#.#.# ..≈
.......@# ##.≈≈
........###...≈≈
~~~....3......≈≈
≈≈≈≈~.........§≈
....~≈≈≈≈≈≈≈........§.≈
...≈≈≈≈≈≈≈≈~~..........
...~~≈≈~~~~~...........
....~≈~~..~............
#...~~..>..............


You could see Nessos (fast, ally target), 2 dream sheep and a friendly smoke
demon (summoned).

Vanquished Creatures
  2 hydras
  Erica (D:8)
  Pikel (D:6)
  A black mamba (Lair:1)
  A torpor snail (Lair:2)
  2 cane toads
  2 komodo dragons (Lair:1)
  A troll (D:9)
  A hornet (D:9)
  3 blink frogs (Lair:1)
  2 shadows (D:9)
  21 yaks
  A wraith (D:9)
  4 wyverns
  Menkaure (D:6)
  3 steam dragons
  Edmund (D:6)
  15 water moccasins
  Duvessa (D:7)
  3 black bears
  2 ice beasts
  2 orc warriors (D:9)
  A sky beast (D:7)
  3 ogres
  2 phantoms (D:9)
  2 lemures (D:6)
  3 centaurs
  8 bullfrogs
  A gnoll sergeant (D:5)
  4 scorpions
  17 wights
  9 killer bees (D:8)
  3 howler monkeys (D:7)
  A jelly (D:6)
  3 hounds
  A gnoll bouda (D:7)
  4 orc priests
  4 iguanas
  6 orc wizards
  5 ogre zombies (D:9)
  6 adders
  12 gnolls
  A worm (D:2)
  3 dart slugs
  18 orcs
  4 ball pythons
  2 bats
  8 endoplasms
  2 giant cockroaches
  4 goblins
  3 hobgoblins
  2 jackals (D:3)
  8 kobolds
  4 quokkas
  2 frilled lizards
  A hobgoblin skeleton (D:9)
  4 hobgoblin zombies (D:9)
  12 orc zombies (D:9)
  26 rats
270 creatures vanquished.

Vanquished Creatures (collateral kills)
  2 blink frogs (Lair:1)
  7 yaks
  2 water moccasins
  An orc warrior (D:7)
  A lemure (D:6)
  A kobold brigand (D:8)
  A gnoll sergeant (D:6)
  Dowan (D:7)
  A troll zombie (D:9)
  An orc priest (D:9)
  Crazy Yiuf (D:5)
  An iguana (D:5)
  Ijyb (D:5)
  4 gnolls
  3 orcs
  A ball python (D:4)
  An orc zombie (D:9)
30 creatures vanquished.

Vanquished Creatures (others)
  35 fungi
  13 plants
48 creatures vanquished.

Grand Total: 348 creatures vanquished

Notes
Turn   | Place    | Note
-------+----------+-------------------------------------------
     0 | D:1      | DemonSlayer the Demonspawn Earth Elementalist began the
                  | quest for the Orb.
     0 | D:1      | Reached XP level 1. HP: 13/13 MP: 3/3
     6 | D:1      | You fall into a shaft and drop 1 floor!
    87 | D:2      | Gained mutation: A weak demonic guardian rushes to your
                  | aid. [demonic ancestry]
    87 | D:2      | Reached XP level 2. HP: 15/19 MP: 1/5
   271 | D:2      | Gained mutation: A meltable shield of frost defends you.
                  | (SH +0) [demonic ancestry]
   271 | D:2      | Reached XP level 3. HP: 23/24 MP: 6/6
   489 | D:2      | Reached skill level 1 in Ranged Weapons
   733 | D:1      | Found a faded altar of an unknown god.
  1330 | D:1      | Learned a level 3 spell: Stone Arrow
  1620 | D:3      | Reached XP level 4. HP: 30/30 MP: 7/7
  2286 | D:3      | Learned a level 2 spell: Blink
  2405 | D:4      | Gained mutation: You are partially covered in molten
                  | scales. (AC +2) [demonic ancestry]
  2405 | D:4      | Reached XP level 5. HP: 34/36 MP: 6/9
  2696 | D:4      | Found a staircase to the Ecumenical Temple.
  2759 | Temple   | Entered the Ecumenical Temple
  2882 | Temple   | Became a worshipper of Xom the Tricky
  3046 | D:5      | Entered Level 5 of the Dungeon
  3056 | D:5      | XOM: divination: detect items
  3093 | D:5      | XOM: potion effect (berserk rage)
  3121 | D:5      | XOM: silly message
  3167 | D:5      | XOM: 4-stop teleportation journey
  3325 | D:5      | Identified the +6 hammer "Aczajoku" {speed, rElec rC- Int+3
                  | Dex+3}
  3575 | D:5      | Reached skill level 1 in Fighting
  3575 | D:5      | Reached skill level 1 in Armour
  3575 | D:5      | Gained mutation: A demonic guardian rushes to your aid.
                  | [demonic ancestry]
  3575 | D:5      | Reached XP level 6. HP: 37/43 MP: 1/10
  3656 | D:5      | Noticed a water moccasin
  3662 | D:5      | Killed a water moccasin
  3831 | D:5      | XOM: summons 2 friendly demons
  3836 | D:5      | XOM: confusion (+ monsters)
  3846 | D:5      | Gained mutation: You are mostly covered in molten scales.
                  | (AC +3) [demonic ancestry]
  3846 | D:5      | Reached XP level 7. HP: 48/48 MP: 9/12
  3847 | D:5      | XOM: smoke on damage
  4046 | D:5      | Found a sacrificial altar of Ru.
  4204 | D:5      | Found a sparkling altar of Nemelex Xobeh.
  4292 | D:5      | Noticed Ijyb
  4302 | D:5      | Killed Ijyb
  4432 | D:5      | XOM is BORED!
  4432 | D:5      | XOM: summons 2 hostile demons
  4761 | D:5      | XOM: 2-stop teleportation journey
  4945 | D:5      | Identified the +7 short sword "Qywiu" {vorpal, Contam rN+
                  | Int+3 SInv}
  4955 | D:5      | XOM: cast spell 'Call Canine Familiar'
  5171 | D:5      | Found a runed translucent door.
  5172 | D:5      | Noticed Crazy Yiuf
  5256 | D:5      | XOM: smoke on damage
  5257 | D:5      | Killed Crazy Yiuf
  5646 | D:5      | XOM: god gift: ruby potion {god gift}
  5670 | D:5      | XOM: cloud trail
  5763 | D:6      | Noticed Menkaure
  5765 | D:6      | XOM: butterfly on damage
  5768 | D:6      | XOM: swap monsters
  5775 | D:6      | Killed Menkaure
  5776 | D:6      | Reached skill level 5 in Earth Magic
  5887 | D:6      | Reached skill level 1 in Maces & Flails
  5887 | D:6      | Gained mutation: A powerful demonic guardian rushes to your
                  | aid. [demonic ancestry]
  5887 | D:6      | Reached XP level 8. HP: 50/54 MP: 11/15
  5992 | D:6      | XOM: confuse monster(s)
  5998 | D:6      | Reached skill level 5 in Spellcasting
  6069 | D:6      | Noticed Edmund
  6102 | D:6      | Killed Edmund
  6114 | D:6      | Noticed Pikel
  6125 | D:6      | Killed Pikel
  6126 | D:6      | Reached skill level 1 in Shields
  6518 | D:6      | Reached XP level 9. HP: 61/61 MP: 14/18
  6733 | D:6      | Learned a level 4 spell: Fulminant Prism
  6738 | D:6      | Learned a level 4 spell: Hailstorm
  6753 | D:7      | XOM: summons friendly shadow imp
  7037 | D:7      | Noticed Duvessa
  7038 | D:7      | Noticed Dowan
  7065 | D:7      | Killed Duvessa
  7074 | D:7      | Killed Dowan
  7374 | D:7      | Found an ornate altar of the Wu Jian Council.
  7439 | D:7      | Found a bloodstained altar of Trog.
  8132 | D:8      | Found a basalt altar of Yredelemnul.
  8136 | D:8      | XOM: chaos upgrade
  8153 | D:8      | XOM: summons 2 hostile demons
  8164 | D:8      | Gained mutation: Your touch may inflict minor irresistible
                  | damage on your foes. [demonic ancestry]
  8164 | D:8      | Reached XP level 10. HP: 49/67 MP: 11/21
  8318 | D:8      | XOM: destruction
  8324 | D:8      | XOM: cast spell 'Monstrous Menagerie'
  8379 | D:8      | XOM: summons 4 hostile shadow creatures
  8538 | D:8      | XOM: 1-stop teleportation journey
  8651 | D:8      | Found a runed translucent gate.
  8651 | D:8      | Found a runed translucent gate.
  8651 | D:8      | Found a runed translucent gate.
  8651 | D:8      | Noticed Rilik's ghost (journeyman MiFi)
  8878 | D:8      | XOM: give mutations
  8878 | D:8      | Gained mutation: You are agile. (Dex +4, Str/Int -1) [Xom's
                  | mischief]
  8878 | D:8      | Gained mutation: Your body sometimes deteriorates upon
                  | taking damage. [Xom's mischief]
  8878 | D:8      | Lost mutation: Your body sometimes deteriorates upon taking
                  | damage. [Xom's mischief]
  9248 | D:8      | Noticed Erica
  9255 | D:8      | Killed Erica
  9335 | D:8      | XOM: give mutations
  9335 | D:8      | Gained mutation: You have sharp toenails. [Xom's grace]
  9335 | D:8      | Gained mutation: You are somewhat resistant to further
                  | mutation. [Xom's grace]
  9335 | D:8      | Gained mutation: Your flesh is cold resistant. (rC+) [Xom's
                  | grace]
  9335 | D:8      | Lost mutation: You have sharp toenails. [Xom's grace]
  9335 | D:8      | Gained mutation: You have large cloven feet. [Xom's grace]
  9376 | D:8      | XOM: stat loss: -1 Int (23/24)
  9580 | D:9      | XOM: confusion (+ monsters)
  9593 | D:9      | Reached skill level 1 in Conjurations
  9762 | D:9      | Reached skill level 1 in Evocations
  9957 | D:9      | XOM: 1-stop teleportation journey
 10189 | D:9      | Found an opulent altar of Gozag.
 10739 | D:9      | XOM: chaos cloud
 10741 | D:9      | Paralysed by you for 3 turns
 10745 | D:9      | Gained mutation: Your touch may inflict irresistible damage
                  | on your foes. [demonic ancestry]
 10745 | D:9      | Reached XP level 11. HP: 32/74 MP: 9/24
 11037 | D:9      | XOM: give mutations
 11037 | D:9      | Gained mutation: Armour fits poorly on your strangely
                  | shaped body. [Xom's mischief]
 11037 | D:9      | Gained mutation: You are occasionally teleported next to
                  | monsters. [Xom's mischief]
 11138 | D:9      | XOM: stat loss: -1 Str (6/7)
 11432 | D:9      | XOM: stat loss: -1 Str (6/7)
 11473 | D:9      | Found a staircase to the Orcish Mines.
 11748 | D:9      | Found a staircase to the Lair.
 11981 | D:9      | XOM: stat loss: -1 Str (5/7)
 12100 | D:9      | Found a shadowy altar of Dithmenos.
 12182 | D:9      | Learned a level 4 spell: Petrify
 12186 | D:9      | Learned a level 3 spell: Tukima's Dance
 12190 | D:9      | Learned a level 3 spell: Swiftness
 12225 | Lair:1   | XOM: noise
 12225 | Lair:1   | Entered Level 1 of the Lair of Beasts
 12373 | D:9      | XOM: summons 2 hostile shadow creatures
 12837 | Lair:1   | XOM: swap monsters
 12843 | Lair:1   | Reached skill level 10 in Earth Magic
 13017 | Lair:1   | XOM: noise
 13090 | Lair:1   | Noticed a seven-headed hydra
 13098 | Lair:1   | Killed a seven-headed hydra
 13380 | Lair:1   | XOM: 1-stop teleportation journey
 13541 | Lair:1   | Reached skill level 10 in Spellcasting
 13995 | Lair:2   | Noticed a four-headed hydra
 14002 | Lair:2   | Killed a four-headed hydra
 14109 | Lair:2   | XOM: divination: magic mapping
 14250 | Lair:2   | Reached XP level 12. HP: 43/81 MP: 17/26
 14426 | Lair:2   | Reached skill level 5 in Dodging
 14440 | Lair:2   | XOM: smoke on damage
 14442 | Lair:2   | XOM: enchant monster (good)
 14841 | Lair:2   | XOM: cloud trail
 15177 | Lair:2   | XOM: cloud trail
 15283 | Lair:2   | XOM: god gift: 37 gold pieces
 15414 | Lair:2   | XOM: god gift: 928 gold pieces
 15768 | Lair:3   | Noticed Nessos
 15772 | Lair:3   | HP: 3/81 [Nessos/arrow (4)]
 15772 | Lair:3   | Shot with an arrow by Nessos

Illustrated notes

Levels and vault maps discovered:
D:1:      scummos_arrival_star, layout_basic,
          hellmonk_ecumenical_altar_crossroads, hex_tiny,
          chequers_decorated_corner
D:2:      layout_rooms, minmay_misc_feat_four_crosses, corexii_leaking_fountain,
          minmay_tromino_v4_a
D:3:      layout_basic, minmay_rat_hole
D:4:      layout_rooms, minmay_temple_entry_trees
D:5:      layout_loops_ring, hangedman_ru_absence, mainiacjoe_overflow_24_doors,
          lightli_minifort, uniq_crazy_yiuf_cottage, uniq_ijyb
D:6:      layout_gridville, uniq_pikel, uniq_menkaure, uniq_edmund
D:7:      layout_rooms, trog_three_pillars_becter, mainiacjoe_overflow_paths,
          grunt_tough_drop, uniq_duvessa
D:8:      layout_cave_pods, mainiacjoe_overflow_concentric_impassable,
          ebering_ghost_rock_garden, uniq_erica
D:9:      layout_loops_ring, grunt_dithmenos_shadows, grunt_gozag_breadcrumbs,
          grunt_lair_entry_orc_guard_hut, zombieorc1_lemuel
Temple:   nicolae_temple_ecumenical_triangle
Lair:1:   layout_hall_layers, grunt_megastairs_4, serial_bayou_shore_b
Lair:2:   layout_loops_ring, cheibrodos_lair_reptile_den
Lair:3:   statuecave_lemuel, layout_chaotic_city, palyth_hydra_swamp_entry,
          minmay_snake_entry_guardpost_small, ebering_ghost_disaster_area,
          nicolae_quartered_pool_impasse, st_stairs_13,
          infiniplex_staircase_pool, uniq_nessos

Skill      XL: |  1  2  3  4  5  6  7  8  9 10 11 12 |
---------------+-------------------------------------+-----
Earth Magic    | 3 4 5 6 8 9 10 | 10.5
Dodging        | 2 3 4 5 |  5.3
Ranged Weapons | 1 2 3 |  3.2
Stealth        | 2 3 |  3.6
Fighting       | 1 2 3 |  3.9
Armour         | 1 2 3 |  3.7
Spellcasting   | 3 4 6 7 9 10 | 10.8
Maces & Flails | 1 2 4 |  4.9
Shields        | 1 2 |  2.0
Conjurations   | 2 4 |  4.3
Evocations     | 2 |  2.2
Short Blades   | |  0.3
Transmutations | |  0.8

Action                   |  1- 3 |  4- 6 |  7- 9 | 10-12 || total
-------------------------+-------+-------+-------+-------++-------
Melee: Short sword       |     5 |    31 |       |       ||    36
       Mace              |       |     7 |    49 |   134 ||   190
       Kick              |       |       |       |    55 ||    55
 Fire: Shortbow          |    59 |    70 |       |       ||   129
Throw: Dart              |       |       |       |     1 ||     1
 Cast: Sandblast         |    29 |    47 |   150 |    50 ||   276
       Stone Arrow       |       |       |       |   186 ||   186
Evoke: Wand              |       |       |       |     5 ||     5
  Use: Potion            |     4 |       |       |     2 ||     6
       Scroll            |       |       |    16 |     2 ||    18
 Stab: Sleeping          |       |     1 |       |       ||     1
       Invisible         |       |       |       |     1 ||     1
Armor: Robe              |     1 |       |       |       ||     1
       Leather armour    |     1 |    33 |    25 |    26 ||    85
       Steam dragon scal |       |       |       |    38 ||    38
Dodge: Dodged            |    32 |    77 |    86 |   238 ||   433
Block: Other             |     5 |    20 |       |       ||    25
       Orb               |       |     5 |    22 |    36 ||    63
